 Dungeon Crawl Stone Soup version 0.29-a0-359-g541a27f54d (webtiles) character file.

Game seed: 9351144817841601417

149 NinjaNoafa the Vandal (level 5, -1/45 HPs)
             Began as a Minotaur Hunter on Apr 27, 2022.
             Was an Initiate of Cheibriados.
             Slain by a gnoll
             ... wielding a +0 halberd
              (3 damage)
             ... on level 4 of the Dungeon.
             The game lasted 00:08:53 (4258 turns).

NinjaNoafa the Vandal (Minotaur Hunter)             Turns: 4258, Time: 00:08:54

Health: -1/45      AC: 17    Str: 17    XL:     5   Next: 9%
Magic:  5/5        EV:  1    Int: 16    God:    Cheibriados [......]
Gold:   171        SH:  0    Dex: 16    Spells: 4/4 levels left

rFire   . . .      SeeInvis .   v - +7 hand axe of Ynea {spect, Int+3}
rCold   . . .      Faith    +   (no shield)
rNeg    . . .      Spirit   .   j - +0 crystal plate armour
rPois   .          Reflect  .   (helmet restricted)
rElec   .          Harm     .   (no cloak)
rCorr   .          Rampage  .   n - +0 pair of gloves
Will    .....                   m - +0 pair of boots
Stlth   ..........              l - amulet of faith
HPRegen 0.15/turn               e - +6 ring of intelligence
MPRegen 0.09/turn               (no ring)

@: very slow
A: horns 2, retaliatory headbutt
a: Renounce Religion


You were on level 4 of the Dungeon.
You worshipped Cheibriados.
Cheibriados was noncommittal.
You visited 1 branch of the dungeon, and saw 4 of its levels.

You collected 171 gold pieces.

Inventory:

Hand Weapons
 a - a +1 hunting sling
 t - the +6 spear of Voikiv {spect, Str-2 Dex+6}
   (You found it on level 4 of the Dungeon)

   When its wielder attacks, the weapon's spirit leaps out and strikes again.
   The spirit shares a part of any damage it takes with its wielder.
   Str:       It affects your strength (-2).
   Dex:       It affects your dexterity (+6).
 v - the +7 hand axe of Ynea (weapon) {spect, Int+3}
   (You found it on level 4 of the Dungeon)

   When its wielder attacks, the weapon's spirit leaps out and strikes again.
   The spirit shares a part of any damage it takes with its wielder.
   Int:       It affects your intelligence (+3).
Missiles
 d - 4 atropa-tipped darts
 f - 3 poisoned darts
 h - 126 stones
 i - a throwing net
 w - 2 boomerangs (quivered)
Armour
 b - a +2 chain mail of poison resistance
 j - a +0 crystal plate armour (worn)
 m - a +0 pair of boots (worn)
 n - a +0 pair of gloves (worn)
 x - the +4 chain mail of Qeun Pun {Regen+ Dex+4}
   (You found it on level 4 of the Dungeon)

   Dex:       It affects your dexterity (+4).
   Regen:     It increases your rate of health regeneration.
Jewellery
 e - a +6 ring of intelligence (left hand)
 l - an amulet of faith (around neck)
Wands
 q - a wand of acid (6)
Scrolls
 c - 2 scrolls of immolation
Potions
 o - a potion of flight


   Skills:
 - Level 3.3 Fighting
 - Level 1.3 Short Blades
 - Level 5.0 Slings
 + Level 2.4 Armour
 - Level 3.1 Dodging
 - Level 0.7 Stealth
 + Level 1.6 Invocations


You had 4 spell levels left.
You didn't know any spells.
Your spell library contained the following spells:

 Spells                   Type           Power      Damage    Failure   Level
 Sandblast                Erth           0%         2d4       100%        1
 Passwall                 Tmut/Erth      0%         N/A       100%        2
 Stone Arrow              Conj/Erth      0%         3d7       100%        3


Dungeon Overview and Level Annotations

Branches:
Dungeon (4/15)
 Temple: D:4-7

Altars:
Cheibriados
Fedhas

Annotations:
D:4 Pikel


Innate Abilities, Weirdness & Mutations

You have a pair of horns on your head.
You reflexively headbutt those who attack you in melee.


Message History

The gnoll hits you with a +0 spear.
You see here a throwing net.
You struggle against the net.
The gnoll hits you but does no damage. The gnoll hits you with a +0 spear.
You struggle against the net.
The gnoll hits you but does no damage. The gnoll hits you with a +0 spear!
* * * LOW HITPOINT WARNING * * *
The gnoll hits you but does no damage.
Okay, then.
You feel better. The gnoll hits you but does no damage.
The gnoll completely misses you. The gnoll hits you with a +0 spear.
The gnoll hits you with a +0 whip.
You struggle against the net.
The gnoll barely misses you. The gnoll hits you but does no damage.
The gnoll hits you with a +0 whip. The gnoll hits you but does no damage.
You rip the net and break free!
The gnoll barely misses you.
The gnoll hits you but does no damage. x3
The gnoll hits you but does no damage. The gnoll barely misses you.
Items here: ))) [ †.
The gnoll attacks as you move away! The gnoll hits you but does no damage.
The gnoll hits you from afar with a +0 halberd!
* * * LOW HITPOINT WARNING * * *
The gnoll barely misses you. You furiously retaliate!
You headbutt the gnoll! The gnoll hits you but does no damage.
There is an open door, spattered with blood here.
You slash the gnoll!
You kill the gnoll!
Cheibriados appreciates the change of pace.
The gnoll hits you but does no damage. x3
The gnoll hits you but does no damage. The gnoll hits you but does no damage.
The gnoll hits you from afar with a +0 spear!
* * * LOW HITPOINT WARNING * * *
The gnoll completely misses you. The gnoll hits you but does no damage.
The gnoll completely misses you.
The gnoll hits you from afar with a +0 halberd.
* * * LOW HITPOINT WARNING * * *
There is an open door here.
The gnoll hits you from afar with a +0 halberd.
You die...

#.# #.# #.##### ......#
##+## #.###.# ##...## #.#
#.# ##.....## #.# #.# #.#
##.......##
..###.####....####.........#
................@'gg.......+
#####.#####...####g........#
......# #.. ##.......##
.....## # ##)....## ..##.#
##†..## #.##.# ##'## #.##.#
#######)## #.##.# .........#
..##.# .######..#


You could see 3 gnolls.

Vanquished Creatures
  An orc wizard (D:4)
  2 gnolls
  3 adders
  2 worms
  3 dart slugs
  3 orcs (D:4)
  3 endoplasms
  3 giant cockroaches
  2 goblins
  4 hobgoblins
  A quokka (D:1)
  5 ball pythons
  2 bats (D:3)
  3 frilled lizards
  3 kobolds
  2 rats (D:1)
42 creatures vanquished.

Vanquished Creatures (collateral kills)
  Terence (D:2)
1 creature vanquished.

Grand Total: 43 creatures vanquished

Notes
Turn   | Place    | Note
-------+----------+-------------------------------------------
     0 | D:1      | NinjaNoafa the Minotaur Hunter began the quest for the Orb.
     0 | D:1      | Reached XP level 1. HP: 18/18 MP: 0/0
   178 | D:1      | Reached XP level 2. HP: 9/25 MP: 1/1
  1099 | D:1      | Found a faded altar of an unknown god.
  1206 | D:2      | Reached XP level 3. HP: 20/31 MP: 2/2
  1323 | D:2      | Noticed Terence
  1357 | D:2      | Killed Terence
  1358 | D:2      | Reached skill level 1 in Short Blades
  2509 | D:3      | Reached skill level 5 in Slings
  2509 | D:3      | Reached XP level 4. HP: 37/38 MP: 3/3
  2520 | D:3      | Found a snail-covered altar of Cheibriados.
  2529 | D:3      | Reached skill level 1 in Armour
  2532 | D:3      | Became a worshipper of Cheibriados the Contemplative
  2661 | D:3      | Found a blossoming altar of Fedhas.
  3413 | D:4      | Identified the +6 spear of Voikiv {spect, Str-2 Dex+6}
  3519 | D:4      | Identified the +7 hand axe of Ynea {spect, Int+3}
  3640 | D:4      | Noticed Pikel
  3640 | D:4      | Noticed a lemure
  3640 | D:4      | Noticed a lemure
  3640 | D:4      | Noticed a lemure
  3641 | D:4      | Identified the +4 chain mail of Qeun Pun {Regen+ Dex+4}
  3641 | D:4      | Noticed a lemure
  4085 | D:4      | Reached skill level 1 in Invocations
  4151 | D:4      | Reached XP level 5. HP: 17/45 MP: 3/5
  4257 | D:4      | HP: 2/45 [gnoll/+0 halberd (1)]
  4258 | D:4      | Slain by a gnoll

Illustrated notes

Levels and vault maps discovered:
D:1:      saegor_arrival_simple_b, layout_loops_corners,
          ebering_ecumenical_altar_webs, feat_on_display
D:2:      layout_basic, nrook_loot_triangle, uniq_terence
D:3:      layout_basic, slow_altar_1, mainiacjoe_overflow_boulevard, hex_medium
D:4:      layout_loops_corners, uniq_pikel

Skill      XL: |  1  2  3  4 |
---------------+-------------+-----
Fighting       | 3 |  3.3
Short Blades   | 1 |  1.3
Dodging        | 3 |  3.1
Slings         | 5 |  5.0
Armour         | 2 |  2.4
Invocations    | 1 |  1.6
Stealth        | |  0.7

Action                   |  1- 3 |  4- 6 || total
-------------------------+-------+-------++-------
Melee: Dagger            |    18 |       ||    18
       Flail             |    11 |    16 ||    27
       Hand axe          |       |    22 ||    22
       Quarterstaff      |       |    17 ||    17
       Headbutt          |       |     5 ||     5
 Fire: Hunting sling     |    73 |       ||    73
  Use: Scroll            |     4 |     7 ||    11
       Potion            |     2 |     5 ||     7
 Stab: Distracted        |     1 |       ||     1
Armor: Leather armour    |     1 |       ||     1
       Skin              |    17 |       ||    17
       Crystal plate arm |    15 |    99 ||   114
Dodge: Dodged            |     9 |     9 ||    18

Table legend: (Time is in decaauts)
 A = Elapsed time spent in this place.
 B = Non-inter-level travel time spent in this place.
 C = Inter-level travel time spent in this place.
 D = Time resting spent in this place.
 E = Time spent auto-exploring this place.
 F = Levels seen in this place.
 G = Mean time per level.
                   A        B        C        D        E       F      G
               +--------+--------+--------+--------+--------+-----+--------+
         Total |   4681 |   4342 |    339 |    362 |   3260 |   4 | 1170.2 |
       Dungeon |   4681 |   4342 |    339 |    362 |   3260 |   4 | 1170.2 |
               +--------+--------+--------+--------+--------+-----+--------+

Top non-repeatable levels by time:
     D:2: 1295 daAuts
     D:1: 1199 daAuts
     D:3: 1150 daAuts
     D:4: 1036 daAuts
